 Dungeon Crawl Stone Soup version 0.29.1-12-g30fa7ad0bf (webtiles) character file.

Game seed: 7561146484976039286

18004 MisterFreud the Cruncher (level 12, -1/83 (86) HPs)
             Began as a Formicid Gladiator on Dec 20, 2022.
             Was a High Priest of Yredelemnul.
             Slain by a boulder beetle (21 damage)
             ... on level 4 of the Lair of Beasts.
             The game lasted 00:15:40 (12476 turns).

MisterFreud the Cruncher (Formicid Gladiator)      Turns: 12476, Time: 00:15:41

HP:   -1/83 (86)    AC: 19    Str: 27    XL:     12   Next: 89%
MP:   18/18         EV: 10    Int:  7    God:    Yredelemnul [*****.]
Gold: 684           SH:  5    Dex: 12    Spells: 11/11 levels left

rFire   + + +      SeeInvis +   C - +10 great mace of Tension {elec, Str+4 Int+2 Dex-5}
rCold   + . .      Faith    .   M - +0 buckler
rNeg    . . .      Spirit   .   h - +0 scale mail
rPois   .          Reflect  .   (helmet unavailable)
rElec   .          Harm     .   U - +2 cloak
rCorr   .          Rampage  .   p - +0 pair of gloves
Will    +....                   B - +2 pair of boots {Fly}
Stlth   +.........              x - amulet of regeneration
HPRegen 1.03/turn               P - +4 ring of protection
MPRegen 0.16/turn               D - ring of Finality {rF+++ rC+ Int-2 Stlth+}

@: flying, lightly drained
A: permanent stasis, dig shafts and tunnels, antennae 3, four strong arms
a: Dig, Shaft Self, Renounce Religion, Recall Undead Harvest, Dark Bargain,
Drain Life, Bind Soul


You were on level 4 of the Lair of Beasts.
You worshipped Yredelemnul.
Yredelemnul was aware of your devotion.
You visited 3 branches of the dungeon, and saw 15 of its levels.

You collected 784 gold pieces.
You spent 100 gold pieces at shops.

Inventory:

Hand Weapons
 a - a +1 quarterstaff
 C - the +10 great mace of Tension (weapon) {elec, Str+4 Int+2 Dex-5}
   (You found it on level 7 of the Dungeon)

   It occasionally discharges a powerful burst of electricity upon striking a
   foe.
   Str:       It affects your strength (+4).
   Int:       It affects your intelligence (+2).
   Dex:       It affects your dexterity (-5).
Missiles
 c - 3 throwing nets (quivered)
 d - a javelin
 k - 11 poisoned darts
 u - 6 datura-tipped darts
 v - 3 boomerangs
 F - a curare-tipped dart
 R - 4 atropa-tipped darts
Armour
 b - a +1 leather armour
 h - a +0 scale mail (worn)
 m - a +0 pair of boots
 p - a +0 pair of gloves (worn)
 B - a +2 pair of boots of flying (worn)
 M - a +0 buckler (worn)
 U - a +2 cloak (worn)
Jewellery
 e - a +4 ring of protection
 g - a ring of willpower
 x - an amulet of regeneration (around neck)
 z - an amulet of reflection
 D - the ring of Finality (right hand) {rF+++ rC+ Int-2 Stlth+}
   (You acquired it on level 9 of the Dungeon)

   [ring of protection from cold]

   Int:       It affects your intelligence (-2).
   rF:        It renders you almost immune to fire.
   rC:        It protects you from cold.
   Stlth:     It makes you more stealthy.
 E - a +4 ring of evasion
 P - a +4 ring of protection (left hand)
 Q - a ring of resist corrosion
 W - a ring of wizardry
Wands
 s - a wand of polymorph (19)
 y - a wand of paralysis (1)
 G - a wand of light (12)
 J - a wand of digging (5)
 L - a wand of mindburst (9)
 O - a wand of flame (12)
Scrolls
 o - 3 scrolls of enchant armour
 r - a scroll of amnesia
 w - a scroll of enchant weapon
 N - 2 scrolls of magic mapping
Potions
 i - 2 potions of resistance
 j - 2 potions of attraction
 l - 5 potions of heal wounds
 n - 6 potions of curing
 q - a potion of brilliance
 t - 2 potions of might
 H - a potion of invisibility
 I - a potion of mutation {unknown}
 K - a potion of ambrosia {unknown}
 S - a potion of magic
 X - 2 potions of cancellation {unknown}
Miscellaneous
 T - a phial of floods
 V - a phantom mirror
 Y - a tin of tremorstones (2/2)


   Skills:
 - Level 5.0 Fighting
 - Level 11.5(14.0) Maces & Flails
 - Level 12.8(14.6) Staves
 - Level 2.0 Throwing
 - Level 5.0 Armour
 - Level 2.6 Dodging
 - Level 4.0 Shields
 - Level 8.0 Invocations
 + Level 6.0 Evocations


You had 11 spell levels left.
You didn't know any spells.
Your spell library contained the following spells:

 Spells                   Type           Power      Damage    Failure   Level
 Necrotise                Necr           0%         1d4       77%         1
 Sublimation of Blood     Necr           0%         N/A       88%         2
 Wereblood                Tmut           0%         N/A       88%         2
 Frozen Ramparts          Ice            0%         1d1       98%         3
 Gell's Gravitas          Tloc           0%         N/A       98%         3
 Lesser Beckoning         Tloc           0%         N/A       98%         3
 Teleport Other           Tloc           0%         N/A       98%         3
 Vampiric Draining        Necr           0%         2d6       98%         3
 Ice Form                 Ice/Tmut       0%         N/A       100%        4
 Petrify                  Tmut/Erth      0%         N/A       100%        4
 Summon Ice Beast         Ice/Summ       0%         N/A       100%        4
 Agony                    Necr           0%         N/A       100%        5
 Metabolic Englaciation   Hex/Ice        0%         N/A       100%        5
 Statue Form              Tmut/Erth      0%         N/A       100%        6
 Summon Hydra             Summ           0%         N/A       100%        7


Dungeon Overview and Level Annotations

Branches:
Dungeon (10/15)            Temple (1/1) D:4            Lair (4/5) D:9
 Shoals (0/4) Lair:2        Snake (0/4) Lair:2
  Slime: Lair:4-5       Orc: D:9-12

Altars:
Ashenzari
Cheibriados
Dithmenos
Elyvilon
Fedhas
Gozag
Kikubaaqudgha
Okawaru
Qazlal
Sif Muna
Uskayaw
Wu Jian
Xom
Yredelemnul
Zin
The Shining One

Shops:
D:2 !

Portals:
Volcano: Lair:1

Annotations:
Lair:1 2 transporters, ElPolloHermano's ghost, journeyman MiBe


Innate Abilities, Weirdness & Mutations

You cannot be hasted, slowed, berserked, paralysed or teleported.
You can dig through walls and to a lower floor.
You have a pair of large antennae on your head. (SInv)
Your four strong arms can wield two-handed weapons with a shield.


Message History

Your yak zombie gores the hell rat!
The hell rat dies!
The dead are walking!
Unknown command.
You swap places.
The boulder beetle hits you!!
The boulder beetle stops rolling and uncurls.
Your hell rat zombie bites the boulder beetle but does no damage.
Unknown command.
You bludgeon the boulder beetle!!
The boulder beetle is moderately wounded.
The boulder beetle bites you!
Your hell rat zombie bites the boulder beetle but does no damage.
Unknown command.
You are too injured to fight recklessly!
You are too injured to fight recklessly!
You are too injured to fight recklessly!
Unknown command.
Unknown command.
Number of times to repeat, then command key: You must enter the number of times for the command to repeat.
Number of times to repeat, then command key: You must enter the number of times for the command to repeat.
Number of times to repeat, then command key: You must enter the number of times for the command to repeat.
Unknown command.
You barely miss the boulder beetle.
The boulder beetle is moderately wounded.
The boulder beetle bites you!!
* * * LOW HITPOINT WARNING * * *
Your dream sheep zombie bites the boulder beetle but does no damage.
Your hell rat zombie bites the boulder beetle but does no damage. x2
Unknown command.
You sock the boulder beetle!
The boulder beetle is moderately wounded.
You block the boulder beetle's attack.
Your dream sheep zombie bites the boulder beetle.
Your hell rat zombie bites the boulder beetle but does no damage. x2
The boulder beetle bites you!!
You die...
Your body rises from the dead as a mindless zombie.

......./...#..
.............
............ ...........
.......... #.ZZ.....
##ZZB.# ##.Z@## ......+.
...+..ZZZ#
......P.#...##...## ..
......##...# ##...# ..
......##...###....###.
........P..#..#..##..+##.
.........................
...........Z.............
.........................


You could see a boulder beetle (ally target), 2 friendly hell rat zombies, 4
friendly yak zombies and 2 friendly dream sheep zombies.

Vanquished Creatures
  2 hydras
  3 lindwurms (Lair:3)
  An elephant (Lair:3)
  A cyclops (D:7)
  2 black mambas
  2 cane toads
  A kobold demonologist (D:7)
  4 rime drakes
  Prince Ribbit (D:5)
  A slime creature (D:7)
  3 hornets
  3 dream sheep (Lair:4)
  4 wyverns
  2 basilisks (Lair:3)
  A wraith (D:7)
  14 yaks
  2 nagas (Lair:2)
  7 water moccasins
  2 orc warriors (D:10)
  2 sky beasts (D:7)
  3 black bears
  An ogre (D:7)
  8 wolves
  2 centaurs
  A phantom (D:5)
  A kobold brigand (D:8)
  5 bullfrogs
  A gnoll sergeant (D:9)
  2 necrophages
  A scorpion (D:7)
  10 killer bees
  A vampire bat (D:3)
  3 howler monkeys (D:9)
  6 hounds
  A jelly (D:5)
  2 orc priests
  A gnoll bouda (D:6)
  5 hell rats (Lair:4)
  5 orc wizards
  4 iguanas
  12 gnolls
  10 adders
  A shadow imp (D:7)
  A worm (D:3)
  2 dart slugs
  3 fire bats (D:3)
  16 orcs
  2 spectral bats (D:3)
  9 ball pythons
  14 bats
  3 bat skeletons (D:3)
  A bat zombie (D:3)
  6 endoplasms
  A giant cockroach (D:3)
  4 hobgoblins
  3 jackals (D:2)
  2 quokkas
  A bat simulacrum (D:3)
  4 frilled lizards
  3 goblins (D:1)
  11 kobolds
  8 rats
238 creatures vanquished.

Vanquished Creatures (collateral kills)
  A hydra (Lair:3)
  2 elephants (Lair:3)
  A rime drake (Lair:1)
  A dream sheep (Lair:4)
  5 yaks
  A water moccasin (Lair:1)
  An ice beast (D:5)
  A bullfrog (D:9)
  2 howler monkeys
  3 orc priests (D:6)
  2 iguanas
  A hell rat (Lair:4)
  A gnoll (D:9)
  An adder (D:5)
  A shadow imp (D:7)
  A white imp (D:5)
  2 orcs
  A ball python (D:4)
28 creatures vanquished.

Vanquished Creatures (others)
  A wyvern zombie (Lair:4)
  A water moccasin zombie (Lair:1)
  2 yak zombies
  2 bullfrog zombies (D:9)
  3 killer bee zombies (D:9)
  A hound zombie (D:5)
  A gnoll zombie (D:9)
  An adder zombie (D:6)
  A kobold zombie (D:8)
  An orc zombie (D:6)
  33 fungi
  33 plants
80 creatures vanquished.

Grand Total: 346 creatures vanquished

Notes
Turn   | Place    | Note
-------+----------+-------------------------------------------
     0 | D:1      | MisterFreud the Formicid Gladiator began the quest for the
                  | Orb.
     0 | D:1      | Reached XP level 1. HP: 16/16 MP: 1/1
   320 | D:1      | Reached XP level 2. HP: 22/22 MP: 2/2
   574 | D:1      | Found a faded altar of an unknown god.
  1019 | D:2      | Reached skill level 4 in Staves
  1019 | D:2      | Reached XP level 3. HP: 27/27 MP: 3/3
  1036 | D:2      | Found Fyfuw's Distillery.
  1044 | D:2      | Bought 2 potions of heal wounds for 100 gold pieces
  1617 | D:2      | Reached XP level 4. HP: 33/33 MP: 4/4
  2191 | D:2      | Reached skill level 5 in Staves
  2714 | D:3      | Reached XP level 5. HP: 38/38 MP: 5/5
  3028 | D:3      | Reached skill level 6 in Staves
  3028 | D:3      | Reached skill level 1 in Armour
  3028 | D:3      | Reached XP level 6. HP: 46/46 MP: 6/6
  3852 | D:3      | Found a shimmering blue altar of Sif Muna.
  4147 | D:4      | Noticed a black bear
  4157 | D:4      | Killed a black bear
  4158 | D:4      | Reached XP level 7. HP: 52/54 MP: 7/7
  4232 | D:4      | Found a staircase to the Ecumenical Temple.
  4247 | Temple   | Entered the Ecumenical Temple
  4358 | Temple   | Became a worshipper of Yredelemnul the Dark
  4464 | D:4      | Reached * piety under Yredelemnul
  4701 | D:4      | Reached ** piety under Yredelemnul
  4938 | D:5      | Entered Level 5 of the Dungeon
  4947 | D:5      | Reached skill level 5 in Fighting
  4966 | D:5      | Reached skill level 5 in Armour
  4966 | D:5      | Reached XP level 8. HP: 45/62 MP: 8/8
  5136 | D:5      | Found a shadowy altar of Dithmenos.
  5200 | D:5      | Noticed Prince Ribbit
  5216 | D:5      | Killed Prince Ribbit
  5217 | D:5      | Reached skill level 7 in Staves
  5249 | D:5      | Reached skill level 8 in Staves
  5579 | D:5      | Found a blossoming altar of Fedhas.
  5585 | D:5      | Found a white marble altar of Elyvilon.
  5587 | D:5      | Found an ornate altar of the Wu Jian Council.
  5886 | D:6      | Reached XP level 9. HP: 68/68 MP: 9/9
  5889 | D:6      | Reached skill level 9 in Staves
  6307 | D:6      | Reached skill level 10 in Staves
  6809 | D:7      | Found a glowing silver altar of Zin.
  7122 | D:7      | Found a broken altar of Ashenzari.
  7386 | D:7      | Reached skill level 11 in Staves
  7489 | D:7      | Noticed a kobold demonologist
  7491 | D:7      | Noticed an ice devil
  7505 | D:7      | Killed a kobold demonologist
  7506 | D:7      | Reached XP level 10. HP: 74/74 MP: 10/10
  7527 | D:7      | Reached skill level 12 in Staves
  7564 | D:7      | Noticed a cyclops
  7573 | D:7      | Killed a cyclops
  7573 | D:7      | Reached *** piety under Yredelemnul
  7715 | D:7      | Identified the +10 great mace of Tension {elec, Str+4 Int+2
                  | Dex-5}
  7722 | D:7      | Reached **** piety under Yredelemnul
  8294 | D:8      | Reached skill level 1 in Maces & Flails
  8709 | D:8      | Found a snail-covered altar of Cheibriados.
  9091 | D:9      | Reached skill level 1 in Shields
  9097 | D:8      | Reached skill level 1 in Invocations
  9181 | D:10     | Entered Level 10 of the Dungeon
  9183 | D:10     | Reached skill level 5 in Maces & Flails
  9321 | D:10     | Reached XP level 11. HP: 68/79 MP: 13/13
  9357 | D:9      | Found a stormy altar of Qazlal.
  9667 | D:9      | Identified a scroll of acquirement
  9667 | D:9      | Acquired the ring of Finality {rF+++ rC+ Int-2 Stlth+}
  9768 | D:9      | Found a staircase to the Lair.
  9816 | D:9      | Reached skill level 5 in Invocations
 10066 | Lair:1   | Entered Level 1 of the Lair of Beasts
 10149 | Lair:1   | Noticed an eight-headed hydra
 10153 | Lair:1   | Killed an eight-headed hydra
 10345 | Lair:1   | Found a transporter.
 10364 | Lair:1   | Found a transporter.
 10364 | Lair:1   | Noticed a thrashing horror
 10367 | Lair:1   | Noticed ElPolloHermano's ghost (journeyman MiBe)
 10378 | Lair:1   | Noticed a spriggan rider
 10426 | Lair:1   | Found a dark tunnel.
 10482 | Lair:1   | Noticed a soul eater
 10625 | Lair:2   | Found a staircase to the Snake Pit.
 10873 | Lair:2   | Found a staircase to the Shoals.
 10908 | Lair:2   | You are sucked into a shaft and drop 1 floor!
 11224 | Lair:2   | Reached XP level 12. HP: 83/86 MP: 17/17
 11455 | Lair:3   | Noticed a seven-headed hydra
 11478 | Lair:3   | Killed a seven-headed hydra
 11479 | Lair:3   | Reached skill level 10 in Maces & Flails
 11644 | Lair:3   | Reached skill level 1 in Evocations
 11661 | Lair:3   | Reached ***** piety under Yredelemnul
 11728 | Lair:3   | Noticed an eight-headed hydra
 11732 | Lair:3   | Killed an eight-headed hydra
 12434 | Lair:4   | Reached skill level 5 in Evocations
 12464 | Lair:4   | Noticed a boulder beetle
 12476 | Lair:4   | Slain by a boulder beetle

Illustrated notes

Levels and vault maps discovered:
D:1:      amcnicky_arrival_choice, layout_basic,
          shapermc_ecumenical_altar_mp_ritualfount, minmay_tromino_mix6
D:2:      minmay_general_purpose_star, layout_basic, serial_shops, shop
D:3:      layout_loops_ring, kennysheep_orc_sif_temple, goddamned_bats
D:4:      layout_gridville, minmay_temple_entry_hall
D:5:      layout_rooms, nicolae_dithmenos_through_a_glass_darkly, minitemple,
          uniq_prince_ribbit1
D:6:      layout_basic
D:7:      minmay_the_grid_octo_2x2 [minmay_the_grid_octo_checkerflower,
          minmay_the_grid_octo_concentric, minmay_the_grid_octo_empty,
          minmay_the_grid_octo_prize_single_spiral], layout_basic, zin_treasury,
          ashenzari_altar_1
D:8:      layout_basic, marbit_many_paths
D:9:      layout_small_grid, nicolae_qazlal_general_emergency,
          grunt_lair_entry_orc_guard_hut, enter_bailey_6
D:10:     layout_rooms
Temple:   nicolae_temple_figure_eight
Lair:1:   layout_concentric_octagons, gammafunk_ghost_abyssal_escape,
          nicolae_volcano_entry_two_sided, grunt_megastairs_3
Lair:2:   layout_chaotic_city, shoals_dummy_entry, guppyfry_snake_entry_island
Lair:3:   layout_regular_city, nicolae_lair_lindhole
Lair:4:   layout_regular_city

Skill      XL: |  1  2  3  4  5  6  7  8  9 10 11 12 |
---------------+-------------------------------------+-----
Staves         | 4 5 6 8 11 12 | 12.8
Armour         | 1 3 5 |  5.0
Fighting       | 4 5 |  5.0
Maces & Flails | 5 9 11 | 11.5
Shields        | 3 4 |  4.0
Invocations    | 2 7 8 |  8.0
Evocations     | 6 |  6.0
Throwing       | |  2.0
Dodging        | |  2.6

Action                   |  1- 3 |  4- 6 |  7- 9 | 10-12 || total
-------------------------+-------+-------+-------+-------++-------
Melee: Quarterstaff      |    92 |   194 |   310 |    28 ||   624
       Punch             |       |     1 |     1 |     1 ||     3
       Great mace        |       |       |       |   251 ||   251
Invok: Recall Undead Har |       |       |       |     2 ||     2
  Use: Scroll            |     6 |     6 |     5 |     8 ||    25
       Potion            |     1 |       |       |       ||     1
 Stab: Sleeping          |     2 |       |       |       ||     2
       Distracted        |       |       |     3 |     1 ||     4
Armor: Leather armour    |    56 |   108 |       |       ||   164
       Scale mail        |       |     5 |   120 |   213 ||   338
Dodge: Dodged            |    67 |   161 |   166 |   181 ||   575
Block: Buckler           |       |       |       |    69 ||    69
